 Dungeon Crawl Stone Soup version 0.29.0-15-g675c0067aa (webtiles) character file.

Game seed: 17781098003379499477

18 qw the Sneak (level 2, -3/19 HPs)
             Began as a Gargoyle Delver on Sept 11, 2022.
             Slain by Ijyb
             ... wielding a +0 club
              (7 damage)
             ... on level 3 of the Dungeon.
             The game lasted 00:00:12 (484 turns).

qw the Sneak (Gargoyle Delver)                       Turns: 484, Time: 00:00:13

Health: -3/19      AC:  5    Str: 15    XL:     2   Next: 66%
Magic:  2/2        EV: 11    Int: 10    God:
Gold:   16         SH:  0    Dex: 11    Spells: 1/1 levels left

rFire   . . .      SeeInvis .   a - +0 hand axe
rCold   . . .      Faith    .   (no shield)
rNeg    + . .      Spirit   .   b - +0 leather armour
rPois   inf        Reflect  .   (no helmet)
rElec   +          Harm     .   (no cloak)
rCorr   .          Rampage  .   (no gloves)
Will    .....                   (no boots)
Stlth   +++.......              (no amulet)
HPRegen 0.06/turn               (no ring)
MPRegen 0.08/turn               (no ring)

@: no status effects
A: sickness immunity, AC +2, negative energy resistance 1, electricity
resistance, torment resistance 1, petrification resistance
a: no special abilities


You were on level 3 of the Dungeon.
You visited 1 branch of the dungeon, and saw 3 of its levels.

You collected 16 gold pieces.


Innate Abilities, Weirdness & Mutations

You are immune to sickness and miasma.
Your stone body is resilient. (AC +2)
You are immune to poison.
You resist negative energy. (rN+)
You are resistant to electric shocks. (rElec)
You are resistant to unholy torment.
You are immune to petrification.


   Skills:
 - Level 3.2 Fighting
 + Level 2.9 Axes
 - Level 1.5 Dodging
 - Level 5.4 Stealth


You had one spell level left.
You didn't know any spells.
Your spell library was empty.

Inventory:

Hand Weapons
 a - a +0 hand axe (weapon)
 d - a +0 club
Armour
 b - a +0 leather armour (worn)
Jewellery
 e - a +6 ring of strength
Wands
 g - a wand of digging (3)
Potions
 c - a potion of lignification {unknown}
 f - a potion of haste

Dungeon Overview and Level Annotations

Branches:
Dungeon (5/15)
 Temple: D:4-7

Altars:

Shops:
D:4 (

Annotations:
D:3 Ijyb


Message History

e - a +6 ring of strength
Found 4 stones.
Ijyb the Twisted Goblin comes into view.
She is wielding a +0 club, wearing a +3 leather armour of fire resistance and carrying a wand of mindburst (14).
Found a falchion.
Ijyb shouts!
Ijyb drinks a potion.
Ijyb goes berserk!
You hit Ijyb.
Ijyb is lightly wounded.
Ijyb closely misses you.
You barely miss Ijyb.
Ijyb is lightly wounded.
Ijyb closely misses you. Ijyb misses you.
You closely miss Ijyb.
Ijyb is lightly wounded.
Ijyb hits you but does no damage. Ijyb misses you.
You hit Ijyb but do no damage.
Ijyb is lightly wounded.
Ijyb completely misses you.
You closely miss Ijyb.
Ijyb is lightly wounded.
Ijyb barely misses you. Ijyb hits you with a +0 club.
You closely miss Ijyb.
Ijyb is lightly wounded.
Ijyb hits you with a +0 club. Ijyb barely misses you.
You closely miss Ijyb.
Ijyb is lightly wounded.
Ijyb barely misses you. Ijyb closely misses you.
You hit Ijyb.
Ijyb is lightly wounded.
Ijyb barely misses you.
You hit Ijyb but do no damage.
Ijyb is lightly wounded.
Ijyb hits you with a +0 club. Ijyb barely misses you.
You hit Ijyb but do no damage.
Ijyb is lightly wounded.
Ijyb closely misses you. Ijyb hits you with a +0 club.
You hit Ijyb but do no damage.
Ijyb is lightly wounded.
Ijyb hits you with a +0 club!
You die...

### ..(#####
###.#...#
......#.######
#..@g...)#
####
#..#####.#
.....#..## #.#
#.....####.#
#.#.....##.#
#.#.#....#.# #
#.#....#.#
#.#........#
'..........#


You could see Ijyb (berserk).

Vanquished Creatures
  An adder (D:3)
  A bat (D:3)
  An endoplasm (D:3)
  A goblin (D:3)
  A hobgoblin (D:3)
  A quokka (D:3)
  A ball python (D:3)
  A frilled lizard (D:3)
8 creatures vanquished.

Notes
Turn   | Place    | Note
-------+----------+-------------------------------------------
     0 | D:5      | qw the Gargoyle Delver began the quest for the Orb.
     0 | D:5      | Reached XP level 1. HP: 14/14 MP: 1/1
     0 | D:5      | 0 ||| qw: Version: 0.1-a-118-gb4e7ce6
     0 | D:5      | 0 ||| qw: Game counter: 10516
     0 | D:5      | 0 ||| qw: Always use a shield: true
     0 | D:5      | 0 ||| qw: God list: Okawaru
     0 | D:5      | 0 ||| qw: Allow faded altars: false
     0 | D:5      | 0 ||| qw: Do Orc after D:15 true
     0 | D:5      | 0 ||| qw: Do second Lair branch before Depths: true
     0 | D:5      | 0 ||| qw: Lair rune preference: random
     0 | D:5      | 0 ||| qw: Plans: Normal
     0 | D:5      | 0 ||| PLANNING D:1-11
     3 | D:5      | 3 ||| DROPPING scroll of fog.
     4 | D:5      | 4 ||| DROPPING scroll of magic mapping.
     5 | D:5      | 5 ||| DROPPING scroll of fear.
    15 | D:4      | Noticed a hound
    15 | D:4      | Found Gasom's Weapon Boutique.
    16 | D:4      | 16 ||| FLEEEEING.
    17 | D:4      | 17 ||| FLEEEEING.
    18 | D:4      | 18 ||| STAIRDANCE
   242 | D:3      | 242 ||| Stepping ~*~*~tactically~*~*~ (stealth).
   335 | D:3      | Reached XP level 2. HP: 11/19 MP: 2/2
   472 | D:3      | Noticed Ijyb
   483 | D:3      | HP: 4/19 [Ijyb/+0 club (4)]
   484 | D:3      | Slain by Ijyb

Levels and vault maps discovered:
D:3:      layout_loops_corners, nicolae_uskayaw_murder_on_the_dancefloor,
          uniq_ijyb, uniq_sigmund
D:4:      layout_loops_ring, serial_shops, shop, shop, shop_statue,
          kennysheep_small_spiral, uniq_edmund
D:5:      wander_river, layout_loops_ring, mainiacjoe_overflow_alcove_1,
          cheibriados_altar_1, lemuel_doored_altar, serial_shops,
          nicolae_shop_window_shopping, nicolae_ossuary_entry_monument

Skill      XL: |  1 |
---------------+----+-----
Axes           | 2 |  2.9
Fighting       | |  3.2
Dodging        | |  1.5
Stealth        | |  5.4

Action                   || total
-------------------------++-------
Melee: Hand axe          ||    37
 Stab: Sleeping          ||     1
Armor: Leather armour    ||    18
Dodge: Dodged            ||    28

Table legend:
 A = Non-vault XP
 B = Vault XP
 C = Vault XP percentage of total XP
 D = Non-vault monster count
 E = Vault monster count
 F = Vault count percentage of total count
                 A         B        C        D         E       F
            +---------+---------+-------+---------+---------+-------
      Total |      26 |       0 |   0.0 |       8 |       0 |   0.0
            +---------+---------+-------+---------+---------+-------
        D:3 |      26 |       0 |   0.0 |       8 |       0 |   0.0
            +---------+---------+-------+---------+---------+-------
